 Dungeon Crawl Stone Soup version 0.30-a0-652-gcc886f7154 (webtiles) character file.

Game seed: 2804476359003063223

98 Newt the Shooter (level 5, -5/33 HPs)
             Began as a Kobold Hunter on Jan 17, 2023.
             Slain by a sky beast (6 damage)
             ... on level 6 of the Dungeon.
             The game lasted 00:01:31 (1473 turns).

Newt the Shooter (Kobold Hunter)                    Turns: 1473, Time: 00:01:31

Health: -5/33      AC:  4    Str: 14    XL:     5   Next: 1%
Magic:  5/5        EV: 15    Int: 10    God:
Gold:   133        SH:  0    Dex: 21    Spells: 4/4 levels left

rFire   . . .      SeeInvis .    a - +0 shortbow
rCold   . . .      Faith    .    (shield currently unavailable)
rNeg    . . .      Spirit   .    c - +0 leather armour
rPois   .          Reflect  .    (no helmet)
rElec   .          Harm     .    (no cloak)
rCorr   .          Rampage  .    f - +0 pair of gloves
Will    .....                    (no boots)
Stlth   +++                      (no amulet)
HPRegen 0.25/turn                g - +6 ring of strength
MPRegen 0.09/turn                (no ring)

@: hasted, very quick
A: small, no large weapons, nightstalker 3
a: no special abilities


You were on level 6 of the Dungeon.
You visited 1 branch of the dungeon, and saw 4 of its levels.

You collected 133 gold pieces.

Inventory:

Hand Weapons
 a - a +0 shortbow (weapon)
Armour
 c - a +0 leather armour (worn)
 f - a +0 pair of gloves (worn)
Jewellery
 g - a +6 ring of strength (left hand)
Scrolls
 b - 2 scrolls of immolation
Potions
 d - 2 potions of curing
 h - 2 potions of cancellation {unknown}
 i - a potion of ambrosia {unknown}
 j - a potion of degeneration {unknown}


   Skills:
 - Level 4.0 Fighting
 + Level 6.2 Ranged Weapons
 - Level 2.4 Dodging
 - Level 3.0 Stealth


You had 4 spell levels left.
You didn't know any spells.
Your spell library contained the following spells:

 Spells                   Type           Power      Damage    Failure   Level
 Sandblast                Erth           0%         2d4       43%         1
 Passwall                 Tmut/Erth      0%         N/A       58%         2
 Stone Arrow              Conj/Erth      0%         3d7       82%         3
 Petrify                  Tmut/Erth      0%         N/A       99%         4
 Metabolic Englaciation   Hex/Ice        0%         N/A       100%        5
 Statue Form              Tmut/Erth      0%         N/A       100%        6


Dungeon Overview and Level Annotations

Branches:
Dungeon (3/15)

Altars:


Innate Abilities, Weirdness & Mutations

You are small and have problems with some larger weapons.
You are completely attuned to the shadows.


Message History

A necrophage comes into view.
A necrophage is nearby!
You shoot an arrow. The arrow hits the necrophage!
The necrophage is moderately damaged.
You hear a bark!
A hound comes into view.
You shoot an arrow.
The arrow closely misses the necrophage.
You shoot an arrow. The arrow hits the necrophage!
The necrophage is severely damaged.
A sky beast comes into view.
The hound closely misses you.
You shoot an arrow. The arrow hits the necrophage!
The necrophage is almost destroyed.
The necrophage closely misses you.
The sky beast flickers out of sight!
Deactivating autopickup; reactivate with Ctrl-A.
The hound completely misses you. The necrophage closely misses you.
You shoot an arrow. The arrow hits the necrophage.
The necrophage is almost destroyed.
You hear a croak.
The hound bites you.
A bullfrog comes into view.
The hound closely misses you. The necrophage completely misses you.
You hear a shout!
The necrophage closely misses you. The hound misses you.
The hound attacks as you move away! The hound misses you.
The hound attacks as you move away! The hound bites you but does no damage.
The necrophage attacks as you move away!
The necrophage hits you. The hound bites you but does no damage.
Something closely misses you.
The necrophage attacks as you move away!
The necrophage hits you. The hound bites you.
Okay, then.
You feel yourself speed up. The hound bites you. The necrophage hits you!
Something hits you. Something shocks you.
* * * LOW HITPOINT WARNING * * *
The hound barely misses you. Something hits you.
* * * LOW HITPOINT WARNING * * *
Something shocks you.
You die...

.# ......##
........##
.........####
.........@..#
........{h..#
........Fn..#
..........###
...##...###
... #....# ..
.....#


You could see a necrophage, a bullfrog and a hound.

Vanquished Creatures
  An orc wizard (D:3)
  2 adders
  A worm (D:2)
  2 dart slugs
  2 orcs (D:3)
  3 ball pythons
  5 endoplasms
  6 goblins
  6 hobgoblins
  A jackal (D:1)
  5 bats
  A frilled lizard (D:1)
  2 kobolds
  9 rats
46 creatures vanquished.

Notes
Turn   | Place    | Note
-------+----------+-------------------------------------------
     0 | D:1      | Newt the Kobold Hunter began the quest for the Orb.
     0 | D:1      | Reached XP level 1. HP: 12/12 MP: 1/1
   155 | D:1      | Reached XP level 2. HP: 17/17 MP: 2/2
   643 | D:1      | Reached XP level 3. HP: 22/22 MP: 3/3
   660 | D:2      | Found a faded altar of an unknown god.
  1161 | D:2      | Reached XP level 4. HP: 12/29 MP: 4/4
  1440 | D:3      | Reached skill level 6 in Ranged Weapons
  1440 | D:3      | Reached XP level 5. HP: 31/33 MP: 5/5
  1459 | D:3      | You fall into a shaft and drop 3 floors!
  1463 | D:6      | Noticed a sky beast
  1465 | D:6      | Noticed a bullfrog
  1473 | D:6      | HP: 1/33 [something (3)]
  1473 | D:6      | Slain by a sky beast

Illustrated notes

Levels and vault maps discovered:
D:1:      onia_arrival_handbag, layout_basic, item_on_display_a
D:2:      layout_basic, hellmonk_ecumenical_altar_pennies_from_heaven,
          mrwooster_statue_mirror
D:3:      layout_loops_ring, minmay_splitting_lines, uniq_ijyb, uniq_grinder
D:6:      layout_cave_pools, mainiacjoe_overflow_chevrons, uniq_blork_the_orc,
          uniq_pikel

Skill      XL: |  1  2  3  4 |
---------------+-------------+-----
Stealth        | 2 3 |  3.0
Fighting       | 4 |  4.0
Ranged Weapons | 6 |  6.2
Dodging        | |  2.4

Action                   |  1- 3 |  4- 6 || total
-------------------------+-------+-------++-------
 Fire: Shortbow          |    88 |    24 ||   112
  Use: Scroll            |     3 |     2 ||     5
       Potion            |       |     1 ||     1
Armor: Leather armour    |    10 |     2 ||    12
Dodge: Dodged            |    32 |    15 ||    47

Table legend: (Time is in decaauts)
 A = Elapsed time spent in this place.
 B = Non-inter-level travel time spent in this place.
 C = Inter-level travel time spent in this place.
 D = Time resting spent in this place.
 E = Time spent auto-exploring this place.
 F = Levels seen in this place.
 G = Mean time per level.
                   A        B        C        D        E       F      G
               +--------+--------+--------+--------+--------+-----+--------+
         Total |   1506 |   1470 |     36 |      0 |   1226 |   4 |  376.5 |
       Dungeon |   1506 |   1470 |     36 |      0 |   1226 |   4 |  376.5 |
               +--------+--------+--------+--------+--------+-----+--------+

Top non-repeatable levels by time:
     D:2: 722 daAuts
     D:1: 667 daAuts
     D:3: 101 daAuts
     D:6: 14 daAuts
